 Dungeon Crawl Stone Soup version 0.23-a0-639-ga9a3373 (console) character file.

18 Duffy the Firebug (level 2, -3/19 HPs)
             Began as a Demonspawn Fire Elementalist on Dec 29, 2018.
             Slain by a goblin (4 damage)
             ... led by Robin
             ... on level 2 of the Dungeon.
             The game lasted 00:00:24 (263 turns).

Duffy the Firebug (Demonspawn Fire Elementalist)     Turns: 263, Time: 00:00:25

Health: -3/19      AC:  2    Str:  8    XL:     2   Next: 51%
Magic:  1/5        EV: 12    Int: 16    God:
Gold:   0          SH:  0    Dex: 16    Spells: 4/5 levels left

rFire    . . .     SeeInvis .   (no weapon)
rCold    . . .     Gourm    .   (no shield)
rNeg     . . .     Faith    .   a - +0 robe
rPois    .         Spirit   .   (no helmet)
rElec    .         Reflect  .   (no cloak)
rCorr    .         Harm     .   (no gloves)
MR       .....                  (no boots)
Stlth    ++........             (no amulet)
HPRegen  0.06/turn              d - +3 ring of dexterity
MPRegen  0.09/turn              (no ring)

@: no status effects
A: talons 1
a: no special abilities


You were on level 2 of the Dungeon.
You were not hungry.

You visited 1 branch of the dungeon, and saw 2 of its levels.

Inventory:

Armour
 a - a +0 robe (worn)
Jewellery
 d - a +3 ring of dexterity (left hand)
Comestibles
 b - 2 chunks of flesh
 c - 2 rations


   Skills:
 - Level 1.7 Dodging
 - Level 1.7 Stealth
 + Level 2.3 Spellcasting
 + Level 1.6 Conjurations
 + Level 3.0 Fire Magic


You had 4 spell levels left.
You knew the following spells:

 Your Spells              Type           Power        Failure   Level  Hunger
h - Flame Tongue          Conj/Fire      #....        8%          1    #......

Your spell library contained the following spells:

 Spells                   Type           Power        Failure   Level  Hunger
 Throw Flame              Conj/Fire      #.....       12%         2    ###....
 Conjure Flame            Conj/Fire      #.......     22%         3    ###....
 Inner Flame              Hex/Fire       #.......     32%         3    ###....
 Sticky Flame             Conj/Fire      #.......     58%         4    #####..
 Fireball                 Conj/Fire      #.........   91%         5    ######.


Dungeon Overview and Level Annotations

Branches:
Dungeon (2/15)

Altars:

Annotations:
D:2 Robin


Innate Abilities, Weirdness & Mutations

You have sharp toenails.


Message History

The goblin hits you but does no damage. The hobgoblin hits you with a +0 club.
* * * LOW HITPOINT WARNING * * *
You hit the hobgoblin but do no damage.
The hobgoblin is heavily wounded.
The goblin hits you but does no damage. The hobgoblin closely misses you.
You hit the hobgoblin.
The hobgoblin is severely wounded.
The goblin no longer looks unusually strong.
The hobgoblin no longer looks unusually strong. x2
The goblin closely misses you.
You barely miss the hobgoblin. You claw the hobgoblin.
You kill the hobgoblin!
Robin roars a battlecry!
The goblins go into a battle-frenzy!
The goblin barely misses you. The goblin hits you but does no damage.
You hit the goblin.
The goblin is moderately wounded.
The goblin no longer looks unusually strong.
The goblin hits you but does no damage. The goblin hits you.
You die...

#....%##### ####
.#..<..########...
#<................. #
#.#..............## #.
#.##...........[... ##..
#................%. .....
#############+#.##
.....g############## #.####
.....(wggg@g.......# #.....
.....gg###########.########
....... ................
....g.. #######.########
...g... ........# =......
######### ###.... #####


You could see Robin, a dart slug, 2 hobgoblins and 4 goblins.

Vanquished Creatures
  An ooze (D:1)
  A dart slug (D:1)
  A bat (D:2)
  A giant cockroach (D:1)
  2 goblins
  3 hobgoblins
  A frilled lizard (D:2)
  A quokka zombie (D:2)
  A rat (D:1)
12 creatures vanquished.

Notes
Turn   | Place    | Note
-------+----------+-------------------------------------------
     0 | D:1      | Duffy the Demonspawn Fire Elementalist began the quest for
                  | the Orb.
     0 | D:1      | Reached XP level 1. HP: 13/13 MP: 3/3
    86 | D:1      | Gained mutation: You have sharp toenails. [demonic
                  | ancestry]
    86 | D:1      | Reached XP level 2. HP: 19/19 MP: 0/5
   202 | D:2      | Reached skill level 3 in Fire Magic
   242 | D:2      | Noticed Robin
   263 | D:2      | Slain by a goblin

Vault maps used:
D:1:      shiori_arrival_elements, minmay_misc_feat_iff
D:2:      first_ration, uniq_terence, uniq_robin

Skill      XL: |  1  2 |
---------------+-------+-----
Fire Magic     | 3 |  3.0
Dodging        | |  1.7
Stealth        | |  1.7
Spellcasting   | |  2.3
Conjurations   | |  1.6

Action                   || total
-------------------------++-------
Melee: Unarmed           ||    15
       Kick              ||     3
 Cast: Flame Tongue      ||    17
Armor: Robe              ||     3
Dodge: Dodged            ||    19

Table legend:
 A = Non-vault XP
 B = Vault XP
 C = Vault XP percentage of total XP
 D = Non-vault monster count
 E = Vault monster count
 F = Vault count percentage of total count
                 A         B        C        D         E       F
            +---------+---------+-------+---------+---------+-------
      Total |      22 |       5 |  18.5 |       9 |       3 |  25.0
            +---------+---------+-------+---------+---------+-------
        D:1 |      18 |       0 |   0.0 |       6 |       0 |   0.0
        D:2 |       4 |       5 |  55.6 |       3 |       3 |  50.0
            +---------+---------+-------+---------+---------+-------
